 Dungeon Crawl Stone Soup version 0.24.0-13-gcf9b319 (webtiles) character file.

Game seed: 10430461198713519843, levelgen mode: deterministic

370 ClockworkOrrery the Skirmisher (level 6, -7/42 HPs)
             Began as a Gargoyle Fighter on Feb 14, 2020.
             Mangled by a gnoll
             ... wielding a +4 spear
              (8 damage)
             ... on level 4 of the Dungeon.
             The game lasted 00:07:20 (2322 turns).

ClockworkOrrery the Skirmisher (Gargoyle Fighter)   Turns: 2322, Time: 00:07:21

Health: -7/42      AC: 14    Str: 21    XL:     6   Next: 70%
Magic:  6/6        EV:  7    Int:  9    God:
Gold:   132        SH:  9    Dex:  9    Spells: 5/5 levels left

rFire    . . .     SeeInvis .   a - +0 flail
rCold    . . .     Gourm    .   c - +0 shield
rNeg     + . .     Faith    .   b - +0 scale mail
rPois    ∞         Spirit   .   (no helmet)
rElec    +         Reflect  .   v - +0 cloak
rCorr    .         Harm     .   r - +0 pair of gloves
MR       .....                  w - +0 pair of boots
Stlth    ..........             (no amulet)
HPRegen  0.14/turn              (no ring)
MPRegen  0.10/turn              (no ring)

@: no status effects
A: negative energy resistance 1, electricity resistance, unbreathing,
petrification resistance, rot immunity, AC +4
a: no special abilities


You were on level 4 of the Dungeon.
You were not hungry.

You visited 1 branch of the dungeon, and saw 4 of its levels.

You collected 132 gold pieces.

Inventory:

Hand Weapons
 a - a +0 flail (weapon)
 y - a +2 fustibalus of flaming
Armour
 b - a +0 scale mail (worn)
 c - a +0 shield (worn)
 r - a +0 pair of gloves (worn)
 v - a +0 cloak (worn)
 w - a +0 pair of boots (worn)
Jewellery
 s - an uncursed amulet of harm {unknown}
Wands
 n - a wand of iceblast (8)
Scrolls
 e - a scroll of amnesia {unknown}
 i - 4 scrolls of identify {unknown}
 j - 3 scrolls of teleportation {unknown}
 k - 3 scrolls of fear {unknown}
 l - a scroll of blinking {unknown}
 m - a scroll of enchant armour {unknown}
 u - a scroll of random uselessness {unknown}
Potions
 d - a potion of might
 g - a potion of berserk rage {unknown}
 h - 3 potions of flight {unknown}
 o - a potion of curing {unknown}
 p - a potion of agility {unknown}
 t - a potion of lignification {unknown}
 x - a potion of experience {unknown}
Comestibles
 f - 9 rations
 q - 5 chunks of flesh


   Skills:
 * Level 6.8 Fighting
 + Level 4.2 Maces & Flails
 - Level 3.2 Armour
 - Level 3.2 Shields


You had 5 spell levels left.
You didn't know any spells.
Your spell library was empty.

Dungeon Overview and Level Annotations

Branches:
Dungeon (4/15)
 Temple: D:4-7

Altars:

Shops:
D:4 (


Innate Abilities, Weirdness & Mutations

You are resistant to torment.
Your stone body is resilient. (AC +4)
You are immune to poison.
You resist negative energy. (rN+)
You are resistant to electric shocks. (rElec)
You can survive without breathing.
You are immune to petrification.
You are immune to rotting.


Message History

You hit the ogre.
The ogre is almost dead.
The ogre hits you with a +0 giant club.
* * * LOW HITPOINT WARNING * * *
You hit the ogre.
You kill the ogre!
Your Maces & Flails skill increases to level 4!
The jackal closely misses you.
You barely miss the jackal.
The gnoll hits you from afar with a +4 spear.
* * * LOW HITPOINT WARNING * * *
You block the jackal's attack. x2; You block the gnoll's attack.
You hit the jackal.
The jackal is severely wounded.
You block the jackal's attack. The gnoll hits you but does no damage.
The jackal bites you but does no damage.
You hit the jackal.
You kill the jackal!
The gnoll hits you from afar with a +4 spear!
You die...

.. #
#.###.#
...#. ...
#)# #†# #g#
#># #@#
#.#####
#.....#
#####.#
#...#
#######.###
#.....#.#
#.....#.#
#.....#.#


You could see a gnoll.

Vanquished Creatures
  An ogre (D:4)
  A howler monkey (D:4)
  An orc priest (D:4)
  An orc wizard (D:4)
  3 gnolls (D:4)
  7 adders
  A worm (D:2)
  A dart slug (D:1)
  A leopard gecko (D:3)
  7 orcs
  7 giant cockroaches
  11 goblins
  5 hobgoblins
  9 jackals
  4 quokkas
  2 ball pythons
  5 bats
  5 frilled lizards
  6 kobolds
  8 rats
86 creatures vanquished.

Notes
Turn   | Place    | Note
-------+----------+-------------------------------------------
     0 | D:1      | ClockworkOrrery the Gargoyle Fighter began the quest for
                  | the Orb.
     0 | D:1      | Reached XP level 1. HP: 14/14 MP: 1/1
   152 | D:1      | Reached XP level 2. HP: 13/20 MP: 2/2
   316 | D:1      | Reached skill level 4 in Fighting
   554 | D:1      | Reached XP level 3. HP: 24/24 MP: 3/3
   984 | D:2      | Reached XP level 4. HP: 30/30 MP: 4/4
  1319 | D:2      | Reached skill level 5 in Fighting
  1638 | D:3      | Reached XP level 5. HP: 35/35 MP: 5/5
  2161 | D:4      | Reached skill level 6 in Fighting
  2190 | D:4      | Found Ziysapt's Weapon Shop.
  2195 | D:4      | Reached XP level 6. HP: 35/41 MP: 6/6
  2318 | D:4      | HP: 2/42 [ogre/+0 giant club (4)]
  2322 | D:4      | Mangled by a gnoll

Levels and vault maps discovered:
D:1:      minmay_arrival_split_and_join, layout_rooms, chequers_garden
D:2:      layout_basic, minmay_unequal
D:3:      layout_rooms, first_ration
D:4:      layout_basic, serial_shops, shop,
          nicolae_shop_competitors_out_of_business, shop_fountains, shop, shop,
          kennysheep_generic_room_11

Skill      XL: |  1  2  3  4  5  6 |
---------------+-------------------+-----
Fighting       | 4 5 6 |  6.8
Maces & Flails | 3 4 |  4.2
Armour         | |  3.2
Shields        | |  3.2

Action                   |  1- 3 |  4- 6 || total
-------------------------+-------+-------++-------
Melee: Flail             |   143 |   211 ||   354
  Eat: Chunk             |     1 |     4 ||     5
Armor: Scale mail        |   119 |   113 ||   232
Dodge: Dodged            |    52 |    76 ||   128
Block: Shield            |    97 |    98 ||   195
